 Dungeon Crawl Stone Soup version 0.31-a0-431-g88bdf31460 (webtiles) character file.

Game seed: 2148969319407734691

11 drugrobin the Sneak (level 2, 0/25 HPs)
             Began as a Demigod Delver on July 31, 2023.
             Slain by a gnoll
             ... wielding a +0 whip
              (3 damage)
             ... on level 2 of the Dungeon.
             The game lasted 00:01:49 (276 turns).

drugrobin the Sneak (Demigod Delver)                 Turns: 276, Time: 00:01:50

Health: 0/25       AC:  3    Str: 13    XL:     2   Next: 6%
Magic:  4/4        EV: 11    Int: 12    God:
Gold:   18         SH:  0    Dex: 15    Spells: 1/1 levels left

rFire   . . .        a - +0 hand axe
rCold   . . .        (no shield)
rNeg    . . .        b - +0 leather armour
rPois   .            (no helmet)
rElec   .            (no cloak)
rCorr   .            (no gloves)
SInv    .            (no boots)
Will    .....        (no amulet)
Stlth   +++          (no ring)
HPRegen 0.24/turn    (no ring)
MPRegen 0.09/turn

%: no passive effects
@: no status effects
A: high MP 1, forlorn, divine attributes
a: no special abilities


You were on level 2 of the Dungeon.
You visited 1 branch of the dungeon, and saw 4 of its levels.

You collected 18 gold pieces.

Inventory:

Hand Weapons
 a - a +0 hand axe (weapon)
Armour
 b - a +0 leather armour (worn)
Wands
 g - a wand of digging (3)
Scrolls
 c - a scroll of fog
 d - a scroll of revelation
Potions
 f - a potion of haste
 h - a potion of heal wounds {unknown}


   Skills:
 - Level 2.6 Fighting
 + Level 2.6 Axes
 - Level 1.7 Dodging
 - Level 4.5 Stealth


You had one spell level left.
You didn't know any spells.
Your spell library was empty.

Dungeon Overview and Level Annotations

Branches:
Dungeon (5/15)
 Temple: D:4-7

Annotations:
D:4 exclusion: upstairs


Innate Abilities, Weirdness & Mutations

You have an increased reservoir of magic. (+10% MP)
You shall have no god before yourself.
Your divine heritage dramatically boosts your attributes as you level up.


Message History

Unknown command.
You hit the bat.
You kill the bat!
You hit the gnoll. The gnoll hits you with a +0 whip.
Unknown command.
Unknown command.
You closely miss the gnoll.
The gnoll is lightly wounded.
The gnoll closely misses you.
Unknown command.
You hit the gnoll.
The gnoll is lightly wounded.
The gnoll barely misses you.
Unknown command.
Unknown command.
The gnoll attacks as you move away! The gnoll closely misses you.
You barely miss the gnoll.
The gnoll is lightly wounded.
Unknown command.
You hit the gnoll.
The gnoll is moderately wounded.
You hit the gnoll. The gnoll hits you with a +0 whip!
The gnoll hits you with a +0 club.
Unknown command.
Unknown command.
You hit the gnoll.
The gnoll is heavily wounded.
You hit the gnoll. The gnoll hits you with a +0 whip.
The gnoll barely misses you.
Unknown command.
Unknown command.
Unknown command.
You hit the gnoll but do no damage.
The gnoll is heavily wounded.
You closely miss the gnoll. The gnoll hits you with a +0 whip.
* * * LOW HITPOINT WARNING * * *
The gnoll closely misses you. The gnoll hits you with a +0 club.
* * * LOW HITPOINT WARNING * * *
The gnoll hits you with a +0 whip.
You die...

. #. .## ..## .#
..####.####
#..........
#......... #
#g@........##.
#g###.###.....
######..††.......#
#................#
#.......#)g........
#....>..#.........>
#................#.
#.............#....
#########.#.....#..


You could see 2 gnolls.

Vanquished Creatures
  A dart slug (D:4)
  An endoplasm (D:2)
  A giant cockroach (D:4)
  A goblin (D:2)
  A quokka (D:3)
  2 ball pythons
  2 bats (D:2)
9 creatures vanquished.

Notes
Turn   | Place    | Note
-------+----------+-------------------------------------------
     0 | D:5      | drugrobin the Demigod Delver began the quest for the Orb.
     0 | D:5      | Reached XP level 1. HP: 18/18 MP: 3/3
   190 | D:4      | Noticed a phantom
   191 | D:4      | Noticed a hound
   263 | D:2      | Reached XP level 2. HP: 25/25 MP: 4/4
   276 | D:2      | Slain by a gnoll

Illustrated notes

Levels and vault maps discovered:
D:2:      layout_rooms
D:3:      layout_basic, hangedman_decor_growths, grunt_ministairs_12,
          minmay_pentangle
D:4:      layout_rooms, minmay_temple_entry_statues_pillars
D:5:      layout_loops_ring, general_overflow_altar,
          mainiacjoe_overflow_concentric_impassable, uniq_sigmund

Skill      XL: |  1 |
---------------+----+-----
Axes           | 2 |  2.6
Fighting       | |  2.6
Dodging        | |  1.7
Stealth        | |  4.5

Action                     || total
---------------------------++-------
  Melee: Hand axe          ||    31
    Use: Scroll            ||     2
   Stab: Sleeping          ||     1
 Armour: Leather armour    ||     5
  Dodge: Dodged            ||    28

Table legend: (Time is in decaauts)
 A = Elapsed time spent in this place.
 B = Non-inter-level travel time spent in this place.
 C = Inter-level travel time spent in this place.
 D = Time resting spent in this place.
 E = Time spent auto-exploring this place.
 F = Levels seen in this place.
 G = Mean time per level.
                   A        B        C        D        E       F      G
               +--------+--------+--------+--------+--------+-----+--------+
         Total |    281 |    261 |     20 |     70 |     12 |   4 |   70.2 |
       Dungeon |    281 |    261 |     20 |     70 |     12 |   4 |   70.2 |
               +--------+--------+--------+--------+--------+-----+--------+

Top non-repeatable levels by time:
     D:4: 122 daAuts
     D:5: 72 daAuts
     D:3: 51 daAuts
     D:2: 35 daAuts
